 Dungeon Crawl Stone Soup version 0.32-a0-876-gcfddb08e57 (webtiles) character file.

Game seed: 6147365427367899585

469 ezpacito the Trooper (level 7, -2/81 HPs)
             Began as a Coglin Chaos Knight on Mar 31, 2024.
             Was a Plaything of Xom.
             Slain by an ogre
             ... wielding a +0 giant spiked club
              (9 damage)
             ... on level 5 of the Dungeon.
             The game lasted 00:03:24 (1852 turns).

ezpacito the Trooper (Coglin Chaos Knight)          Turns: 1852, Time: 00:03:25

Health: -2/81      AC: 23    Str: 15    XL:     7   Next: 9%
Magic:  8/8        EV:  2    Int: 11    God:    Xom [....*.]
Gold:   74         SH:  0    Dex: 13    Spells: 2/8 levels left

rFire   . . .        a - +0 hand axe (chaos) {Anacleto}
rCold   . . .        m - staff of alchemy {Prasit}
rNeg    . . .        b - melded +2 leather armour
rPois   +            (helmet currently unavailable)
rElec   .            i - melded +0 cloak
rCorr   .            (gloves currently unavailable)
SInv    .            (boots currently unavailable)
Will    .....        (no amulet)
Stlth   ++           (no ring)
HPRegen 0.33/turn    (no ring)
MPRegen 0.11/turn    (no gizmo)

%: no passive effects
@: tree-form, revving
A: stationary, stasis, torment immunity, boosted hp, off-hand wielding, slow
wielding, warmup strikes, (no jewellery)
a: Invent Gizmo, Renounce Religion


You were on level 5 of the Dungeon.
You worshipped Xom.
You were a beloved toy of Xom.
You were a tree.
You visited 1 branch of the dungeon, and saw 4 of its levels.

You collected 74 gold pieces.

Inventory:

Hand Weapons
 a - a +0 hand axe of chaos (weapon) {Anacleto}
 n - a +0 whip of freezing
Missiles
 d - a throwing net
 h - 10 poisoned darts (quivered)
Armour
 b - a +2 leather armour (melded)
 i - a +0 cloak (melded)
Magical Staves
 m - a staff of alchemy (offhand) {Prasit}
Wands
 r - a wand of polymorph (13)
Potions
 e - a potion of enlightenment {unknown}
 f - a potion of magic {unknown}
 k - a potion of mutation {unknown}
 o - a potion of heal wounds {unknown}


   Skills:
 * Level 4.3 Fighting
 * Level 3.9(4.1) Axes
 + Level 1.6(2.8) Polearms
 * Level 3.1 Armour
 * Level 2.6 Dodging
 + Level 1.2 Stealth
 + Level 1.1 Spellcasting
 + Level 0.4 Necromancy
 + Level 0.3 Fire Magic
 + Level 0.3 Air Magic
 + Level 1.2 Alchemy
 + Level 1.7 Evocations


You had 2 spell levels left.
You knew the following spells:

 Your Spells              Type           Power      Damage    Failure   Level
a - Cigotuvi's Dreadful   Necr/Alch/Air  6%         N/A       36%         2
b - Ignite Poison         Fire/Alch      3%         N/A       93%         4

Your spell library contained the following spells:

 Spells                   Type           Power      Damage    Failure   Level
 Kiss of Death            Conj/Necr      4%         2d5       28%         1
 Ensorcelled Hibernation  Hex/Ice        0%         N/A       43%         2
 Fugue of the Fallen      Necr           1%         N/A       63%         3
 Confusing Touch          Hex            0%         N/A       67%         3
 Dispel Undead            Necr           1%         3d6       95%         4
 Anguish                  Hex/Necr       0%         N/A       96%         4
 Freezing Cloud           Conj/Ice/Air   0%         6-21      100%        5


Dungeon Overview and Level Annotations

Branches:
Dungeon (3/15)

Altars:
Okawaru
Zin


Innate Abilities, Weirdness & Mutations

You are a tree.
Your roots penetrate the ground, keeping you stationary.
You cannot be teleported.
You are immune to unholy pain and torment.
Your maximum health is greatly increased.
Your equipment is partially melded.
You can wield a second weapon in your off-hand.
It takes a long time for you to wield or remove held weapons.
Your first few attacks do less damage.
((You cannot equip rings or amulets.))


Message History

"There, this looks better."
A door slams shut!
You open the door.
The ogre hits you with a +0 giant spiked club!!
Ouch! That really hurt!
You take 28 damage, and have 17/54 hp.
MASSIVE DAMAGE!!
Okay, then.
You feel better. The ogre closely misses you.
You regained 7 hp, and now have 24/54 hp.
As you read the scroll labelled CAATUICRAR, it crumbles to dust.
You feel aware of your surroundings.
It was a scroll of revelation.
An orc comes into view. It is wielding a +0 club.
The orc moves out of view.
Found a sling and a pair of gloves.
Found a stone staircase leading up.
As you read the scroll labelled DYDOILYITI, it crumbles to dust.
It is a scroll of amnesia.
Okay, then.
The ogre hits you with a +0 giant spiked club!
* * * LOW HITPOINT WARNING * * *
You take 10 damage, and have 14/54 hp.
As you read the scroll labelled OGUCVONIATH, it crumbles to dust.
It is a scroll of identify.
g - a potion of lignification The ogre hits you with a +0 giant spiked club!
* * * LOW HITPOINT WARNING * * *
You take 10 damage, and have 4/54 hp.
You turn into a tree.
Your +0 cloak melds into your body.
Your +2 leather armour melds into your body.
Your roots penetrate the ground.
The ogre hits you but does no damage.
You now have 6/81 hp.
Okay, then.
You hit the bombardier beetle with your +0 hand axe of chaos.
The bombardier beetle is lightly wounded.
You barely miss the ogre with your +0 hand axe of chaos.
You hit the ogre but do no damage.
You hit the bombardier beetle with your staff of alchemy.
The ogre barely misses you.
The ogre hits you with a +0 giant spiked club!
You die...
Xom giggles madly!

,,**,,,,,,,,,,,,,,,,,,,,,,,,**,,,
,,,,,,,,,...............,,,,*,,,,
,,,,,,,,,..............[,,.#*,,,*
,,,,,,,,,.......S.......,,.#,,,,*
,,**,,,,,########....<##**.+,*.#*
,,**,,,,,###..############.#,.)#,
,,,,,,,,,.#....#...........##.##,
,,,,,,,,,.#....'.O......<.......,
,,,,,,,,,.#....#♣O..............,
****,,,,,.+...)#.B..............,
,,*******###..##.##...##)..###..,
,,**,,,,,###..##.##...##...##*,.,
,,',,,,,,.........#.........#,,,,
,,*,,,,,,.........#......B..#,,,,
,,*,,,,,,.........#.........#,,,,
,,***,,,,.###....##..###...######
,,***********,,,,##..###.........


You could see 2 ogres and a bombardier beetle.

Vanquished Creatures
  A howler monkey (D:5)
  A hound (D:3)
  2 adders (D:2)
  4 gnolls (D:2)
  2 dart slugs
  2 ball pythons
  4 endoplasms (D:1)
  6 giant cockroaches (D:1)
  5 goblins
  7 hobgoblins
  4 jackals (D:2)
  5 kobolds
  4 quokkas (D:1)
  4 bats
  2 frilled lizards (D:1)
  3 rats
56 creatures vanquished.

Vanquished Creatures (collateral kills)
  Sigmund (D:3)
  A black bear (D:5)
  A hound (D:5)
  An orc (D:5)
  An endoplasm (D:3)
5 creatures vanquished.

Grand Total: 61 creatures vanquished

Notes
Turn   | Place    | Note
-------+----------+-------------------------------------------
     0 | D:1      | ezpacito the Coglin Chaos Knight began the quest for the
                  | Orb.
     0 | D:1      | Reached XP level 1. HP: 18/18 MP: 1/1
    57 | D:1      | Reached skill level 1 in Dodging
    63 | D:1      | XOM is BORED!
    63 | D:1      | XOM: silly message
    70 | D:1      | Reached XP level 2. HP: 15/24 MP: 2/2
   243 | D:1      | Found a faded altar of an unknown god.
   401 | D:1      | XOM: noise
   465 | D:1      | XOM: divination: detect creatures
   560 | D:1      | Reached XP level 3. HP: 27/29 MP: 3/3
   825 | D:1      | XOM: silly message
  1127 | D:2      | Found a glowing silver altar of Zin.
  1169 | D:2      | XOM: potion effect (attraction)
  1378 | D:2      | Reached XP level 4. HP: 35/35 MP: 4/4
  1391 | D:2      | Reached skill level 1 in Polearms
  1446 | D:2      | XOM: cast spell 'Olgreb's Toxic Radiance'
  1450 | D:2      | Reached XP level 5. HP: 40/42 MP: 5/5
  1677 | D:3      | Noticed Sigmund
  1687 | D:3      | Killed Sigmund
  1688 | D:3      | Reached skill level 4 in Fighting
  1688 | D:3      | Reached skill level 1 in Stealth
  1688 | D:3      | Reached skill level 1 in Spellcasting
  1688 | D:3      | Reached skill level 1 in Evocations
  1688 | D:3      | Reached XP level 6. HP: 43/48 MP: 5/7
  1689 | D:3      | Reached skill level 1 in Alchemy
  1730 | D:3      | Learned a level 2 spell: Cigotuvi's Dreadful Rot
  1735 | D:3      | Learned a level 4 spell: Ignite Poison
  1762 | D:3      | You fall into a shaft and drop 2 floors!
  1762 | D:5      | Entered Level 5 of the Dungeon
  1764 | D:5      | Found an iron altar of Okawaru.
  1780 | D:5      | Noticed a black bear
  1793 | D:5      | XOM: enchant monster (good)
  1808 | D:5      | XOM: summons 6 friendly demons
  1815 | D:5      | Killed a black bear
  1816 | D:5      | Reached XP level 7. HP: 46/54 MP: 8/8
  1845 | D:5      | XOM: scenery: 1 doors close
  1852 | D:5      | Slain by an ogre

Illustrated notes

Levels and vault maps discovered:
D:1:      matt_arrival_debris, layout_loops_corners,
          ebering_ecumenical_altar_rust, minmay_worlds_worst_comb
D:2:      layout_loops_ring, basic_altar
D:3:      layout_basic, gammafunk_ghost_abyssal_escape, uniq_sigmund
D:5:      layout_gridville, mainiacjoe_overflow_alcove_1, grunt_ministairs_13,
          uniq_menkaure

Skill      XL: |  1  2  3  4  5  6 |
---------------+-------------------+-----
Dodging        | 1 2 |  2.6
Armour         | 2 3 |  3.1
Polearms       | 1 |  1.6
Fighting       | 4 |  4.3
Stealth        | 1 |  1.2
Spellcasting   | 1 |  1.1
Evocations     | 1 |  1.7
Alchemy        | 1 |  1.2
Axes           | |  3.9
Necromancy     | |  0.4
Fire Magic     | |  0.3
Air Magic      | |  0.3

Action                     |  1- 3 |  4- 6 |  7- 9 || total
---------------------------+-------+-------+-------++-------
  Melee: Dagger            |    91 |       |       ||    91
         Hand axe          |   100 |    36 |     5 ||   141
         Staff             |     3 |    33 |     5 ||    41
    Use: Potion            |       |     1 |     2 ||     3
         Scroll            |       |     1 |     3 ||     4
   Stab: Sleeping          |     2 |       |       ||     2
 Armour: Leather armour    |    71 |    34 |     8 ||   113
         Skin              |       |       |     2 ||     2
  Dodge: Dodged            |    54 |    46 |     7 ||   107

Table legend: (Time is in decaauts)
 A = Elapsed time spent in this place.
 B = Non-inter-level travel time spent in this place.
 C = Inter-level travel time spent in this place.
 D = Time resting spent in this place.
 E = Time spent auto-exploring this place.
 F = Levels seen in this place.
 G = Mean time per level.
                   A        B        C        D        E       F      G
               +--------+--------+--------+--------+--------+-----+--------+
         Total |   1865 |   1809 |     56 |      0 |   1365 |   4 |  466.2 |
       Dungeon |   1865 |   1809 |     56 |      0 |   1365 |   4 |  466.2 |
               +--------+--------+--------+--------+--------+-----+--------+

Top non-repeatable levels by time:
     D:1: 1013 daAuts
     D:2: 669 daAuts
     D:5: 91 daAuts
     D:3: 91 daAuts
